 Dungeon Crawl Stone Soup version 0.17-a0-1197-g2d00c63 (webtiles) character file.

67 Kidiri the Sneak (level 4, 0/23 HPs)
             Began as a Spriggan Assassin on June 2, 2015.
             Slain by a gnoll
             ... wielding a +0 spear
              (5 damage)
             ... on level 2 of the Dungeon.
             The game lasted 00:05:16 (980 turns).

Kidiri the Sneak (Spriggan Assassin)                 Turns: 980, Time: 00:05:16

Health: 0/23       AC:  3    Str:  7    XL:     4   Next: 0%
Magic:  5/5        EV: 18    Int: 12    God:
Gold:   56         SH:  0    Dex: 18    Spells: 0 memorised, 3 levels left

rFire  . . .     SeeInvis +     a - +2 dagger
rCold  . . .     Clarity  .     c - +0 robe
rNeg   . . .     SustAt   .     (shield restricted)
rPois  .         Gourm    .     (helmet restricted)
rElec  .         Spirit   .     d - +0 cloak
rCorr  .         Warding  .     (gloves unavailable)
rMut   .         Stasis   .     (boots unavailable)
MR     .....                    (no amulet)
Stlth  ++++......               (no ring)
                                (no ring)

@: lethally poisoned (0 -> -7), very quick, not resistant to hostile
enchantments, stealthy
A: unfitting armour, see invisible, herbivore 3, speed 3, slow metabolism 2
a: no special abilities


You were on level 2 of the Dungeon.
You were not hungry.

You visited 1 branch of the dungeon, and saw 2 of its levels.

You collected 56 gold pieces.

Inventory:

Hand weapons
 a - a +2 dagger (weapon)
 b - a +1 blowgun
 j - a +0 dagger of holy wrath
Missiles
 e - 2 poisoned needles
 f - 2 curare-tipped needles
Armour
 c - a +0 robe (worn)
 d - a +0 cloak (worn)
Magical devices
 k - a wand of random effects (32)
Scrolls
 h - a scroll of teleportation {unknown}
 l - 3 scrolls of identify {unknown}
Potions
 i - a potion of might
Comestibles
 g - 3 bread rations


   Skills:
 * Level 1.9 Fighting
 * Level 1.2 Short Blades
 * Level 2.9 Throwing
 + Level 0.5 Armour
 * Level 2.7 Dodging
 * Level 6.4 Stealth


You had 3 spell levels left.
You didn't know any spells.

Dungeon Overview and Level Annotations

Branches:
Dungeon (2/15)

Altars:
Trog
Xom


Innate Abilities, Weirdness & Mutations

You are tiny and cannot use many weapons and most armour.
You have supernaturally acute eyesight.
You are a herbivore.
You cover ground extremely quickly.
You need consume almost no food.


Message History

You feel sick.
Firing (i - inventory. (,) - cycle):
e - 4 poisoned needles (quivered)
Press: ? - help, Shift-Dir - straight line, f/p - gnoll
Aim: a gnoll, wielding a spear (severely wounded, poisoned)
You shoot a poisoned needle. The poisoned needle hits the gnoll!
The gnoll is severely wounded.
* * * LOW HITPOINT WARNING * * *
You feel sick.
Unknown command.
Firing (i - inventory. (,) - cycle):
e - 3 poisoned needles (quivered)
Press: ? - help, Shift-Dir - straight line, f/p - gnoll
Aim: a gnoll, wielding a spear (severely wounded, poisoned)
You shoot a poisoned needle.
The poisoned needle barely misses the gnoll.
Wield which item (- for none, * to show all)? (? for menu, Esc to quit)
a - a +2 dagger (weapon)
* * * LOW HITPOINT WARNING * * *
You feel sick.
The gnoll hits you from afar with a spear.
You die...

######....######(#.#####
#>........+.....(.......
#†##'#....######.#.#####
..#.......# #(#>## #.#.....###
#....# ..#......# #....# #.#..#..
..##.###.# #g._.# #.# ....
..##...#.#### #....# ##.###...
#.##.#.._...####@#.####....#..#
#.##.# #.#..##.......##....##.#
.....# #....##.......##.... #.##
.)...###§.).##....<..###(####..##
.................................
.....#########.†.........#.###..#
.....# #...(.†.#####.# ##.#
###### #.......# ..# #.#
######### ...# #..


You could see a gnoll.

Vanquished Creatures
  3 gnolls (D:2)
  An ooze (D:1)
  A worm (D:2)
  2 giant geckos
  2 giant cockroaches (D:2)
  5 goblins
  2 hobgoblins (D:1)
  A quokka (D:2)
  5 bats (D:1)
  3 giant newts (D:1)
  4 kobolds
  3 rats (D:1)
  A butterfly (D:2)
33 creatures vanquished.

Notes
Turn   | Place    | Note
--------------------------------------------------------------
     0 | D:1      | Kidiri the Spriggan Assassin began the quest for the Orb.
     0 | D:1      | Reached XP level 1. HP: 10/10 MP: 2/2
   236 | D:1      | Reached XP level 2. HP: 14/14 MP: 3/3
   290 | D:1      | Reached skill level 6 in Stealth
   781 | D:2      | Reached skill level 1 in Short Blades
   781 | D:2      | Reached XP level 3. HP: 18/18 MP: 4/4
   856 | D:2      | Found a shimmering altar of Xom.
   897 | D:2      | Found a bloodstained altar of Trog.
   963 | D:2      | Reached XP level 4. HP: 15/23 MP: 5/5
   980 | D:2      | Slain by a gnoll

Vault maps used:
D:1:      dpeg_arrival_radiant
D:2:      lemuel_crystal_altar, xom_butterflies, first_bread,
          nemelex_diamond_rough_becter

Action                   |  1- 3 |  4- 6 || total
-------------------------+-------+-------++-------
Melee: Dagger            |    65 |       ||    65
 Fire: Blowgun           |     3 |     4 ||     7
  Use: Scroll            |     3 |       ||     3
       Potion            |     3 |       ||     3
 Stab: Sleeping          |    16 |       ||    16
       Distracted        |     1 |       ||     1
